 Dungeon Crawl Stone Soup version 0.24-a0-230-g536ed4e (webtiles) character file.

Game seed: 5306214892715056162

95 xeno23 the Sneak (level 4, -6/29 HPs)
             Began as an Octopode Assassin on Apr 2, 2019.
             Mangled by a gnoll
             ... wielding a +0 club
              (9 damage)
             ... on level 3 of the Dungeon.
             The game lasted 00:03:25 (1288 turns).

xeno23 the Sneak (Octopode Assassin)                Turns: 1288, Time: 00:03:26

Health: -6/29      AC:  2    Str: 10    XL:     4   Next: 65%
Magic:  4/4        EV:  7    Int: 13    God:
Gold:   105        SH:  0    Dex: 14    Spells: 3/3 levels left

rFire    + . .     SeeInvis .   a - +2 dagger
rCold    . . .     Gourm    .   (no shield)
rNeg     . . .     Faith    .   (helmet restricted)
rPois    .         Spirit   .   (no amulet)
rElec    .         Reflect  .   e - +1 ring of protection
rCorr    .         Harm     .   m - ring of protection from fire
MR       .....                  (no ring)
Stlth    ++++......             (no ring)
HPRegen  0.09/turn              (no ring)
MPRegen  0.09/turn              (no ring)
                                (no ring)
                                (no ring)

@: held
A: almost no armour, stealthy swim, amphibious, 8 rings, constrict 8, camouflage
1, gelatinous body 1
a: no special abilities


You were on level 3 of the Dungeon.
You were not hungry.

You visited 1 branch of the dungeon, and saw 3 of its levels.

You collected 105 gold pieces.

Inventory:

Hand Weapons
 a - a +2 dagger (weapon)
 b - a +0 blowgun
Missiles
 c - 8 poisoned needles
 d - 2 curare-tipped needles
Jewellery
 e - a +1 ring of protection (left tentacle)
 m - a ring of protection from fire (right tentacle)
Wands
 p - a wand of iceblast (4)
Scrolls
 g - 2 scrolls of fog {unknown}
 h - a scroll of identify {unknown}
 i - a scroll of teleportation {unknown}
 j - a scroll of remove curse {unknown}
 l - a scroll of enchant weapon {unknown}
 o - 3 scrolls of random uselessness {unknown}
Potions
 k - a potion of lignification {unknown}
 n - 2 potions of curing {unknown}
Comestibles
 f - 4 rations
 q - 3 chunks of flesh


   Skills:
 - Level 2.0 Fighting
 + Level 4.7 Short Blades
 - Level 2.0 Throwing
 - Level 1.0 Dodging
 - Level 5.3 Stealth


You had 3 spell levels left.
You didn't know any spells.
Your spell library was empty.

Dungeon Overview and Level Annotations

Branches:
Dungeon (3/15)

Altars:
Dithmenos


Innate Abilities, Weirdness & Mutations

You cannot wear most types of armour.
You are very stealthy in the water. (Stealth+)
You are amphibious.
You can wear up to eight rings at the same time.
You can use your tentacles to constrict eight enemies at once.
Your skin changes colour to match your surroundings (Stealth+).
Your rubbery body absorbs attacks. (AC +1, EV +1)


Message History

You become entangled in the net!
You see here a throwing net.
You struggle against the net.
You struggle against the net.
The gnoll hits you with a +0 flail!
* * * LOW HITPOINT WARNING * * *
You take 8 damage.
You struggle against the net.
You struggle against the net.
You rip the net and break free!
The gnoll hits you with a +0 club.
* * * LOW HITPOINT WARNING * * *
You take 6 damage.
A rat comes into view.
Things that are here:
a +0 trident; a +0 ring mail The gnoll throws a throwing net.
The throwing net hits you.
You become entangled in the net!
You see here a throwing net.
You tear a large gash into the net.
The gnoll barely misses you.
You struggle against the net.
The gnoll hits you with a +0 club!
You die...

#<.# #g# #..######.
#.### #......... #...#
#...###### ###g#
##..############# #g#
##.........).g..# #.#
#.......##g####.###.#
.....#####gg.g###...##.#
####. #@#....g....g.# #.
#....###...#### ..
#.#..# ##รท######## #.
#.#..# ##(........
..#..###.......... ###
.......(..####
#.###(...)(# (.......#)#
.#####.##)#


You could see 4 gnolls.

Vanquished Creatures
  2 adders
  2 worms (D:2)
  6 dart slugs
  2 leopard geckos
  5 orcs (D:3)
  4 giant cockroaches
  6 goblins
  2 hobgoblins
  4 kobolds
  2 quokkas (D:2)
  8 bats
  A frilled lizard (D:2)
  8 rats
52 creatures vanquished.

Notes
Turn   | Place    | Note
-------+----------+-------------------------------------------
     0 | D:1      | xeno23 the Octopode Assassin began the quest for the Orb.
     0 | D:1      | Reached XP level 1. HP: 14/14 MP: 1/1
   127 | D:1      | Reached XP level 2. HP: 13/19 MP: 2/2
   349 | D:1      | Reached XP level 3. HP: 23/24 MP: 3/3
   537 | D:2      | Found a shadowy altar of Dithmenos.
   782 | D:2      | Reached XP level 4. HP: 29/29 MP: 4/4
  1266 | D:3      | HP: 1/29 [gnoll/+0 club (6)]
  1288 | D:3      | Mangled by a gnoll

Levels and vault maps discovered:
D:1:      dpeg_arrival_tiny_k, layout_rooms, st_stairs_3
D:2:      layout_basic, grunt_dithmenos_smoke_and_mirrors, grunt_ministairs_6
D:3:      layout_loops_ring, first_ration

Skill      XL: |  1  2  3 |
---------------+----------+-----
Short Blades   | 3 4 |  4.7
Fighting       | |  2.0
Throwing       | |  2.0
Dodging        | |  1.0
Stealth        | |  5.3

Action                   |  1- 3 |  4- 6 || total
-------------------------+-------+-------++-------
Melee: Dagger            |    69 |    39 ||   108
       Constrict         |    11 |     9 ||    20
       Tentacles         |     8 |     7 ||    15
 Stab: Sleeping          |    11 |     4 ||    15
  Eat: Chunk             |       |     1 ||     1
Armor: Skin              |    14 |     2 ||    16
Dodge: Dodged            |    47 |    13 ||    60

Table legend:
 A = Non-vault XP
 B = Vault XP
 C = Vault XP percentage of total XP
 D = Non-vault monster count
 E = Vault monster count
 F = Vault count percentage of total count
                 A         B        C        D         E       F
            +---------+---------+-------+---------+---------+-------
      Total |     114 |      22 |  16.2 |      47 |       5 |   9.6
            +---------+---------+-------+---------+---------+-------
        D:1 |      30 |       7 |  18.9 |      19 |       3 |  13.6
        D:2 |      47 |      15 |  24.2 |      19 |       2 |   9.5
        D:3 |      37 |       0 |   0.0 |       9 |       0 |   0.0
            +---------+---------+-------+---------+---------+-------
